 Dungeon Crawl Stone Soup version 0.21-a0-278-ga722497 (console) character file.

180 Moorlo the Spear-Bearer (level 5, -2/41 HPs)
             Began as a Merfolk Fighter on Sept 22, 2017.
             Was a Follower of Cheibriados.
             Slain by a gnoll
             ... wielding a +0 halberd
              (6 damage)
             ... on level 4 of the Dungeon.
             The game lasted 00:07:31 (1549 turns).

Moorlo the Spear-Bearer (Merfolk Fighter)           Turns: 1549, Time: 00:07:32

Health: -2/41      AC:  7    Str: 19    XL:     5   Next: 60%
Magic:  5/5        EV:  7    Int:  9    God:    Cheibriados [*.....]
Gold:   88         SH:  9    Dex: 16    Spells: 4/4 levels left

rFire    . . .     SeeInvis .   a - +0 trident
rCold    . . .     Gourm    .   c - +0 shield
rNeg     . . .     Faith    .   b - +0 scale mail
rPois    .         Spirit   .   m - +0 helmet (curse)
rElec    .         Reflect  .   (no cloak)
rCorr    .         Harm     .   (no gloves)
MR       .....                  (no boots)
Stlth    ..........             (no amulet)
HPRegen  0.13/turn              (no ring)
MPRegen  0.09/turn              (no ring)

@: glowing, very slow
A: change form in water, swift swim, stealthy swim
a: Bend Time, Renounce Religion


You were on level 4 of the Dungeon.
You worshipped Cheibriados.
Cheibriados was aware of your devotion.
You were hungry.

You visited 1 branch of the dungeon, and saw 3 of its levels.

You collected 88 gold pieces.

Inventory:

Hand Weapons
 a - a +0 trident (weapon)
Armour
 b - a +0 scale mail (worn)
 c - a +0 shield (worn)
 m - a cursed +0 helmet (worn)
Wands
 d - a wand of random effects (21/48)
Scrolls
 k - a scroll of random uselessness {unknown}
 l - 2 scrolls of noise {unknown}
 n - 2 scrolls of identify {unknown}
Potions
 i - a potion of flight {unknown}
Comestibles
 f - a bread ration
 g - a royal jelly
 h - 4 fruits
 j - a meat ration
 p - 4 chunks of flesh


   Skills:
 - Level 3.2 Fighting
 + Level 8.2 Polearms
 - Level 2.1 Armour
 - Level 3.0 Shields


You had 4 spell levels left.
You didn't know any spells.

Dungeon Overview and Level Annotations

Branches:
Dungeon (2/15)

Altars:
Cheibriados


Message History

Cheibriados raises the support of your attributes as your movement slows.
Your Polearms skill increases to level 8!
Okay, then.
You feel better. You block the gnoll's attack.
You completely miss the gnoll. You block the gnoll's attack.
The gnoll hits you but does no damage.
Your shield prevents you from hitting the gnoll.
The gnoll hits you from afar with a halberd.
* * * LOW HITPOINT WARNING * * *
You block the gnoll's attack.
You closely miss the gnoll. The gnoll closely misses you.
You block the gnoll's attack.
You puncture the gnoll!
The gnoll is almost dead.
The gnoll hits you with a whip!
* * * LOW HITPOINT WARNING * * *
The gnoll hits you but does no damage.
You hit the gnoll.
You kill the gnoll!
Cheibriados appreciates the change of pace.
The gnoll hits you from afar with a halberd.
You die...

######### #.......#
#@#####.# #)# #.#
#g#####.###
####.....#...########
#######.....##.#...##......
.......S....# #...........
............# #...##......
.......#...###.####........
.........>.................
.....[##...###.####........
...... ...... ...#.####


You could see a gnoll.

Vanquished Creatures
  A gnoll shaman (D:4)
  Robin (D:2)
  3 gnolls (D:4)
  5 adders
  An ooze (D:2)
  3 dart slugs
  3 leopard geckos
  An orc (D:2)
  3 giant cockroaches
  13 goblins
  6 hobgoblins
  3 kobolds
  A quokka (D:2)
  A ball python (D:1)
  4 bats (D:2)
  A frilled lizard (D:2)
  5 rats
55 creatures vanquished.

Notes
Turn   | Place    | Note
-------+----------+-------------------------------------------
     0 | D:1      | Moorlo the Merfolk Fighter began the quest for the Orb.
     0 | D:1      | Reached XP level 1. HP: 18/18 MP: 1/1
   192 | D:1      | Reached skill level 4 in Polearms
   192 | D:1      | Reached XP level 2. HP: 22/24 MP: 2/2
   535 | D:1      | Reached XP level 3. HP: 29/29 MP: 3/3
   642 | D:2      | Noticed Robin
   647 | D:2      | Reached skill level 5 in Polearms
   655 | D:2      | Killed Robin
   689 | D:2      | Reached skill level 6 in Polearms
   689 | D:2      | Reached XP level 4. HP: 17/35 MP: 4/4
   889 | D:2      | Found a snail-covered altar of Cheibriados.
   974 | D:2      | Became a worshipper of Cheibriados the Contemplative
  1241 | D:2      | Reached skill level 7 in Polearms
  1476 | D:2      | You fall through a shaft for 2 floors!
  1512 | D:4      | Reached XP level 5. HP: 33/41 MP: 5/5
  1543 | D:4      | Reached * piety under Cheibriados
  1543 | D:4      | Reached skill level 8 in Polearms
  1549 | D:4      | Slain by a gnoll

Vault maps used:
D:1:      evilmike_arrival_plus, kennysheep_another_room, item_on_display_a
D:2:      kennysheep_slug_shrine, uniq_robin
D:4:      first_bread

Skill      XL: |  1  2  3  4  5 |
---------------+----------------+-----
Polearms       | 4 6 7 8 |  8.2
Fighting       | |  3.2
Armour         | |  2.1
Shields        | |  3.0

Action                   |  1- 3 |  4- 6 || total
-------------------------+-------+-------++-------
Melee: Trident           |    85 |    81 ||   166
  Use: Potion            |     2 |     2 ||     4
  Eat: Chunk             |       |     2 ||     2
Armor: Scale mail        |    40 |    17 ||    57
Dodge: Dodged            |    18 |    11 ||    29
Block: Shield            |    50 |    25 ||    75

Table legend:
 A = Spawn XP
 B = Non-spawn XP
 C = Spawn XP percentage of total XP
 D = Spawn monster count
 E = Non-spawn monster count
 F = Spawn count percentage of total count
 G = Total turns spent on level
                    A         B        C        D         E        F      G
               +---------+---------+-------+---------+---------+-------+---------
         Total |       0 |     258 |   0.0 |       0 |      55 |   0.0 |  1549
               +---------+---------+-------+---------+---------+-------+---------
           D:1 |       0 |      34 |   0.0 |       0 |      16 |   0.0 |   640
           D:2 |       0 |     128 |   0.0 |       0 |      34 |   0.0 |   836
           D:4 |       0 |      96 |   0.0 |       0 |       5 |   0.0 |    73
               +---------+---------+-------+---------+---------+-------+---------
